 Dungeon Crawl Stone Soup version 0.28.0 (webtiles) character file.

Game seed: 14079555455464688494

59265 dolemite99 the Carver (level 14, 0/165 HPs)
             Began as a Demonspawn Gladiator on Feb 13, 2022.
             Was an Initiate of Yredelemnul.
             Slain by an orc warrior (13 damage)
             ... on level 1 of the Orcish Mines on Feb 14, 2022.
             The game lasted 00:44:53 (35096 turns).

dolemite99 the Carver (Demonspawn Gladiator)       Turns: 35096, Time: 00:44:53

Health: 0/165      AC: 19    Str: 23    XL:     14   Next: 52%
Magic:  17/17      EV:  8    Int: 11    God:    Yredelemnul [......]
Gold:   1412       SH: 12    Dex: 18    Spells: 13/13 levels left

rFire   + . .      SeeInvis +   a - +8 long sword of the Saving Wasp {vorpal, rC+ Will+ Str+4}
rCold   + . .      Faith    .   T - +2 buckler "Qiumiakk" {Dex+4 Stlth+}
rNeg    . . .      Spirit   .   K - +0 plate armour
rPois   .          Reflect  +   (helmet unavailable)
rElec   .          Harm     .   Y - +2 cloak
rCorr   .          Rampage  .   (no gloves)
Will    ++++.                   F - +1 pair of boots
Stlth   ..........              J - amulet of reflection
HPRegen 0.37/turn               l - ring of willpower {=R}
MPRegen 0.30/turn               V - ring of protection from fire

@: berserking, very quick
A: antennae 3, hooves 2, demonic guardian 2, magic regeneration, demonic
willpower, demonic touch 1
a: Renounce Religion, Recall Undead Harvest


You were on level 1 of the Orcish Mines.
You worshipped Yredelemnul.
Yredelemnul was noncommittal.
You visited 3 branches of the dungeon, and saw 20 of its levels.
You also visited: Sewer and Ossuary.

You collected 1728 gold pieces.
You spent 316 gold pieces at shops.

Inventory:

Hand Weapons
 a - the +8 long sword of the Saving Wasp (weapon) {vorpal, rC+ Will+ Str+4}
   (You found it on level 3 of the Dungeon)

   It inflicts extra damage upon your enemies.
   Str:       It affects your strength (+4).
   rC:        It protects you from cold.
   Will:      It increases your willpower.
 b - a +0 hunting sling of electrocution
 t - a +2 hunting sling of freezing
Missiles
 d - 6 throwing nets
 h - 56 sling bullets
 j - 784 stones
 C - 9 boomerangs
 G - 38 poisoned darts
Armour
 F - a +1 pair of boots (worn)
 K - a +0 plate armour (worn)
 T - the +2 buckler "Qiumiakk" (worn) {Dex+4 Stlth+}
   (You found it on level 1 of the Lair of Beasts)

   Dex:       It affects your dexterity (+4).
   Stlth:     It makes you more stealthy.
 Y - a +2 cloak (worn)
Magical Staves
 u - a staff of cold
Jewellery
 i - a ring of resist corrosion
 l - a ring of willpower (left hand) {=R}
 J - an amulet of reflection (around neck)
 V - a ring of protection from fire (right hand)
Wands
 m - a wand of charming (2)
 v - a wand of polymorph (11)
 y - a wand of iceblast (11)
 I - a wand of flame (30) (quivered)
 W - a wand of digging (1)
 Z - a wand of paralysis (17)
Scrolls
 g - a scroll of brand weapon
 n - 9 scrolls of immolation
 o - a scroll of noise
 s - a scroll of blinking
 A - a scroll of fear
 H - 3 scrolls of teleportation
 L - 2 scrolls of fog
 O - 5 scrolls of silence
 Q - 10 scrolls of identify {@r1}
 S - 2 scrolls of amnesia
Potions
 e - a potion of flight
 f - 5 potions of brilliance
 p - 12 potions of curing
 q - 6 potions of attraction
 w - 2 potions of invisibility
 B - 3 potions of haste
 N - 2 potions of might
 P - 2 potions of magic
 U - 2 potions of resistance
Miscellaneous
 r - a box of beasts (inert)
 x - a lightning rod (4/4)
 z - a tin of tremorstones (inert)
 E - a phantom mirror (inert)


   Skills:
 - Level 10.0 Fighting
 - Level 12.6 Long Blades
 - Level 4.8 Polearms
 - Level 10.6(12.3) Slings
 + Level 10.2(12.1) Throwing
 - Level 9.0 Armour
 - Level 2.6 Dodging
 - Level 4.0 Shields
 - Level 4.0 Invocations
 - Level 3.5 Evocations


You had 13 spell levels left.
You didn't know any spells.
Your spell library contained the following spells:

 Spells                   Type           Power      Damage    Failure   Level
 Pain                     Necr           0%         1d4       99%         1
 Sandblast                Erth           0%         2d4       99%         1
 Shock                    Conj/Air       0%         1d3       99%         1
 Summon Small Mammal      Summ           0%         N/A       99%         1
 Corpse Rot               Necr/Air       0%         N/A       100%        2
 Passwall                 Tmut/Erth      0%         N/A       100%        2
 Poisonous Vapours        Pois/Air       0%         N/A       100%        2
 Sublimation of Blood     Necr           0%         N/A       100%        2
 Call Canine Familiar     Summ           0%         N/A       100%        3
 Ozocubu's Armour         Ice            0%         N/A       100%        3
 Portal Projectile        Hex/Tloc       0%         N/A       100%        3
 Stone Arrow              Conj/Erth      0%         3d7       100%        3
 Summon Guardian Golem    Hex/Summ       0%         N/A       100%        3
 Swiftness                Air            0%         N/A       100%        3
 Airstrike                Air            0%         N/A       100%        4
 Leda's Liquefaction      Hex/Erth       0%         N/A       100%        4
 Petrify                  Tmut/Erth      0%         N/A       100%        4
 Agony                    Necr           0%         N/A       100%        5
 Blade Hands              Tmut           0%         N/A       100%        5
 Excruciating Wounds      Necr           0%         N/A       100%        5
 Irradiate                Conj/Tmut      0%         3d13      100%        5
 Lee's Rapid Deconstruct  Erth           0%         3d5*      100%        5
 Metabolic Englaciation   Hex/Ice        0%         N/A       100%        5
 Dispersal                Tloc           0%         N/A       100%        6
 Simulacrum               Ice/Necr       0%         N/A       100%        6
 Statue Form              Tmut/Erth      0%         N/A       100%        6
 Borgnjor's Revivificati  Necr           0%         N/A       100%        8
 Disjunction              Tloc           0%         N/A       100%        8
 Necromutation            Tmut/Necr      0%         N/A       100%        8
 Death's Door             Necr           0%         N/A       100%        9


Dungeon Overview and Level Annotations

Branches:
Dungeon (12/15)            Temple (0/1) D:6            Lair (6/6) D:8
 Shoals (0/4) Lair:3       Spider (0/4) Lair:3        Slime (0/5) Lair:6
    Orc (2/2) D:10            Elf (0/3) Orc:2         Sewer (visited)
Ossuary (visited)

Altars:
Elyvilon
Fedhas
Hepliaklqana
Qazlal
Sif Muna
Yredelemnul
Zin

Shops:
D:4 *

Annotations:
D:7 2 transporters, exclusion: oklob plant, SnakkuSnakku7's ghost, novice MfAM
Lair:2 exclusion: oklob plant
Lair:6 1 runed translucent door, ProzacElf's ghost, journeyman DjWz


Innate Abilities, Weirdness & Mutations

You have a pair of large antennae on your head. (SInv)
You have hoof-like feet.
A demonic guardian rushes to your aid.
You regenerate magic rapidly.
You punish those that try to bend your will. (Will+)
Your touch may inflict minor irresistible damage on your foes.


Message History

Your rust devil corrodes the orc warrior!
Your orc warrior zombie hits the orc warrior.
The orc warrior dies!
You block the orc's attack. The orc hits you with a +0 short sword.
The orc knight roars a battlecry!
The orcs go into a battle-frenzy!
Things that are here:
a +0 short sword; a +0 chain mail The orc warrior hits you from afar with a +0 trident!
You block the orc's attack.
There is a stone staircase leading up, spattered with blood here.
Things that are here:
a +0 long sword; a +0 chain mail; a +0 short sword The orc knight is no longer covered in acid.
The orc warrior hits you from afar with a +0 trident!!
* * * LOW HITPOINT WARNING * * *
A demonic guardian appears!
The orc warrior hits you with a +0 war axe!
* * * LOW HITPOINT WARNING * * *
The orc completely misses you.
The orc hits you from afar with a +0 trident.
* * * LOW HITPOINT WARNING * * *
You block the orc warrior's attack.
Your rust devil hits the orc warrior!
The orc warrior seems to be corroded for longer.
You climb upwards.
There is a stone staircase leading down here.
You feel much better. You block the orc's attack.
The orc warrior hits you with a +0 war axe!!
* * * LOW HITPOINT WARNING * * *
A red film seems to cover your vision as you go berserk!
You feel yourself moving faster!
You feel mighty!
The orc warrior hits you with a +0 war axe!
* * * LOW HITPOINT WARNING * * *
You block the orc's attack.
You slash the orc warrior!
The orc warrior is heavily wounded.
The orc warrior hits you with a +0 war axe!
You die...
Your body rises from the dead as a mindless zombie.

#### ###..# ### #....## ##.##
#.....#######...#
####...)..##..#....####
##.##................#.#
#....................#.###
###.....##.#o....####......##
#.....######.@...####.......#
##.......##...o..#.#....#####
##..........###...#.)...#
##.#......#.##Z..#....##
###......####........#
##......####.#....###
#.........####...##
####........####.###
#......##...#.###.#


You could see an orc warrior (strong) and an orc (strong).

Vanquished Creatures
  Kirke (D:12)
  An azure jelly (Lair:6)
  A great orb of eyes (Lair:6)
  4 hydras
  A boulder beetle (D:12)
  2 two-headed ogres
  2 catoblepae
  A death knight (D:12)
  5 death yaks (Lair:4)
  A phantasmal warrior (D:11)
  A deep elf pyromancer (D:12)
  A manticore (Lair:3)
  2 cyclopes (D:12)
  4 black mambas
  A torpor snail (Lair:2)
  8 cane toads
  6 komodo dragons
  Psyche (D:9)
  4 polar bears
  A troll (Orc:2)
  A wind drake (Lair:3)
  5 blink frogs (Lair:5)
  3 hornets
  A dream sheep (Lair:6)
  7 slime creatures
  10 spriggans (Lair:6)
  3 basilisks (D:8)
  A water elemental (D:10)
  2 wraiths (D:12)
  2 wyverns (D:8)
  31 yaks
  6 hogs (D:12)
  2 vampire mosquitoes (D:12)
  5 wargs
  8 water moccasins
  Pargi (Sewer)
  10 orc warriors
  4 black bears
  A swamp drake (D:8)
  3 boggarts (Lair:6)
  2 ogres
  2 necrophages
  22 wolves
  3 centaurs
  A kobold brigand (D:4)
  7 bullfrogs
  A gnoll sergeant (D:11)
  2 scorpions
  7 killer bees
  5 wights (D:10)
  4 jellies
  A vampire bat (Lair:1)
  7 howler monkeys
  2 electric eels (D:11)
  A bullfrog zombie (D:5)
  4 centaur zombies
  11 orc priests
  A centaur skeleton (D:7)
  A gnoll shaman (D:8)
  A hound (D:7)
  2 iguanas
  6 orc wizards
  8 mummies (Ossuary)
  8 adders
  14 gnolls
  A swamp drake zombie (D:8)
  3 shadow imps
  An adder zombie (D:5)
  An adder skeleton (D:4)
  3 worms
  2 dart slugs
  30 orcs
  8 ball pythons
  6 endoplasms
  3 giant cockroaches
  8 goblins
  2 hobgoblins
  9 jackals
  3 quokkas
  11 bats
  8 frilled lizards
  2 gnoll zombies (Ossuary)
  3 hobgoblin zombies (Ossuary)
  10 kobolds
  2 kobold zombies (Ossuary)
  An orc zombie (Ossuary)
  7 rats
401 creatures vanquished.

Vanquished Creatures (collateral kills)
  An orc warlord (Orc:2)
  A hydra (Lair:2)
  A boulder beetle (Lair:6)
  A death knight (D:11)
  A centaur warrior (D:12)
  A catoblepas (Lair:6)
  A death yak (Lair:4)
  An orc knight (Orc:1)
  An ugly thing (D:12)
  A cyclops (D:12)
  3 komodo dragons
  8 cane toads
  3 rime drakes
  A freezing wraith (D:11)
  A meliai (Lair:3)
  A troll (D:12)
  A hornet (Lair:6)
  A slime creature (D:12)
  10 blink frogs
  2 dream sheep (Lair:2)
  A wyvern (Lair:4)
  A spriggan (Lair:6)
  2 wraiths (D:11)
  A basilisk (Lair:4)
  2 vampire mosquitoes (D:11)
  14 yaks
  3 wargs (Orc:2)
  4 water moccasins
  7 orc warriors
  3 black bears (Lair:6)
  A boggart (Lair:6)
  4 wolves (Lair:6)
  An ogre (Orc:1)
  2 centaurs (D:12)
  6 bullfrogs
  3 killer bees
  2 electric eels (D:11)
  A howler monkey (D:7)
  A centaur zombie (D:9)
  A bullfrog zombie (D:6)
  5 orc priests
  3 jellies (Lair:6)
  2 orc wizards (D:10)
  A scorpion zombie (D:5)
  A worm (D:2)
  13 orcs
  5 endoplasms
  A giant cockroach (D:6)
  A goblin (D:1)
  A jackal (D:2)
  3 bats
  2 frilled lizards
139 creatures vanquished.

Vanquished Creatures (others)
  A spectral slime creature (D:12)
  A catoblepas zombie (Lair:6)
  3 hydra zombies
  2 boulder beetle zombies
  A black mamba zombie (Lair:4)
  4 cane toad zombies
  3 orc warriors (Orc:2)
  A blink frog zombie (Lair:4)
  2 dream sheep zombies
  A hornet zombie (Lair:6)
  A hog zombie (D:12)
  2 vampire mosquito zombies
  2 komodo dragon zombies
  2 wyvern zombies
  3 water moccasin zombies
  3 warg zombies (Orc:2)
  12 yak zombies
  8 spriggan zombies (Lair:6)
  A polar bear zombie (Lair:6)
  A troll zombie (Orc:2)
  12 wolf zombies
  9 bullfrog zombies
  2 centaur zombies (D:12)
  3 black bear zombies
  3 spectral boggarts (Lair:6)
  A basilisk zombie (D:8)
  A scorpion zombie (D:5)
  3 killer bee zombies (D:9)
  4 spectral jellies (Lair:6)
  A howler monkey zombie (D:9)
  3 bat zombies (Lair:1)
  4 gnoll zombies
  2 jackal zombies (D:2)
  36 orc zombies
  A spectral endoplasm (Lair:6)
  59 fungi
  54 plants
  2 withered plants (D:1)
254 creatures vanquished.

Grand Total: 794 creatures vanquished

Notes
Turn   | Place    | Note
-------+----------+-------------------------------------------
     0 | D:1      | dolemite99 the Demonspawn Gladiator began the quest for the
                  | Orb.
     0 | D:1      | Reached XP level 1. HP: 16/16 MP: 1/1
   183 | D:1      | Discovered your monstrous ancestry.
   183 | D:1      | Gained mutation: You have a pair of small antennae on your
                  | head. [demonic ancestry]
   183 | D:1      | Reached XP level 2. HP: 16/22 MP: 2/2
   457 | D:1      | Found a faded altar of an unknown god.
   475 | D:1      | Prayed at the altar of an unknown god.
   475 | D:1      | Became a worshipper of Yredelemnul the Dark
   475 | D:1      | Reached * piety under Yredelemnul
   705 | D:1      | Reached ** piety under Yredelemnul
   965 | D:1      | Gained mutation: A weak demonic guardian rushes to your
                  | aid. [demonic ancestry]
   965 | D:1      | Reached XP level 3. HP: 26/27 MP: 3/3
  1835 | D:2      | Gained mutation: Your touch may inflict minor irresistible
                  | damage on your foes. [demonic ancestry]
  1835 | D:2      | Reached XP level 4. HP: 25/33 MP: 4/4
  2127 | D:3      | Identified the +8 long sword of the Saving Wasp {vorpal,
                  | rC+ Will+ Str+4}
  2739 | D:3      | Reached skill level 1 in Long Blades
  3167 | D:4      | Found a blossoming altar of Fedhas.
  3205 | D:4      | Noticed a black bear
  3210 | D:4      | Killed a black bear
  3211 | D:4      | Reached skill level 3 in Long Blades
  3211 | D:4      | Gained mutation: You have a pair of antennae on your head.
                  | [demonic ancestry]
  3211 | D:4      | Reached XP level 5. HP: 24/38 MP: 5/5
  3439 | D:4      | Found Qiap's Assorted Antiques.
  3467 | D:4      | Bought 2 puce potions for 50 gold pieces
  3500 | D:4      | Found a sand-covered staircase.
  3510 | Ossuary  | Entered an ossuary
  3545 | Ossuary  | Reached XP level 6. HP: 44/44 MP: 6/6
  3586 | Ossuary  | Reached skill level 4 in Long Blades
  4315 | D:5      | Entered Level 5 of the Dungeon
  4375 | D:5      | Reached skill level 5 in Long Blades
  4382 | D:5      | Gained mutation: You regenerate magic rapidly. [demonic
                  | ancestry]
  4382 | D:5      | Reached XP level 7. HP: 47/50 MP: 7/7
  4706 | D:5      | Reached skill level 6 in Long Blades
  4782 | D:5      | Found a shimmering blue altar of Sif Muna.
  5077 | D:5      | Found a basalt altar of Yredelemnul.
  5568 | D:6      | Found a glowing drain.
  5581 | Sewer    | Entered a sewer
  5773 | Sewer    | Reached skill level 7 in Long Blades
  5833 | Sewer    | Noticed Pargi
  5838 | Sewer    | Killed Pargi
  5839 | Sewer    | Reached skill level 1 in Armour
  5880 | Sewer    | Reached XP level 8. HP: 54/56 MP: 8/8
  6345 | D:6      | Found a staircase to the Ecumenical Temple.
  6744 | D:7      | Noticed an oklob plant
  6749 | D:7      | Noticed SnakkuSnakku7's ghost (novice MfAM)
  6750 | D:7      | Noticed a four-headed hydra
  6759 | D:7      | Noticed a boulder beetle
  6841 | D:7      | Reached skill level 1 in Invocations
  7104 | D:7      | Reached *** piety under Yredelemnul
  7165 | D:7      | Found a transporter.
  7208 | D:7      | Found a transporter.
  7250 | D:7      | Reached skill level 1 in Slings
  7475 | D:4      | Bought a fine cloak for 266 gold pieces
  7475 | D:4      | Identified the +2 cloak of Loddieto {-Tele Will- Int+4
                  | SInv} (You bought it in a shop on level 4 of the Dungeon)
  7615 | D:8      | Noticed a two-headed ogre
  7625 | D:8      | Killed a two-headed ogre
  7626 | D:8      | Gained mutation: You have a pair of large antennae on your
                  | head. (SInv) [demonic ancestry]
  7626 | D:8      | Reached XP level 9. HP: 37/63 MP: 12/12
  8718 | D:8      | Noticed a komodo dragon
  8802 | D:8      | Killed a komodo dragon
  9364 | D:8      | Found a hazy altar of Hepliaklqana.
  9385 | D:8      | Reached skill level 8 in Long Blades
 11428 | D:8      | Gained mutation: You have large cloven feet. [demonic
                  | ancestry]
 11428 | D:8      | Reached XP level 10. HP: 59/73 MP: 13/13
 11492 | D:8      | Found a stormy altar of Qazlal.
 11733 | D:8      | Reached skill level 5 in Armour
 11748 | D:8      | Found a staircase to the Lair.
 11799 | D:8      | Reached skill level 5 in Fighting
 13134 | D:9      | Noticed a two-headed ogre
 13162 | D:9      | Killed a two-headed ogre
 13223 | D:9      | Noticed Psyche
 13228 | D:9      | Killed Psyche
 13854 | Lair:1   | Entered Level 1 of the Lair of Beasts
 13917 | Lair:1   | Reached skill level 5 in Slings
 14358 | Lair:1   | Identified the +2 buckler "Qiumiakk" {Dex+4 Stlth+}
 14376 | Lair:1   | Reached skill level 9 in Long Blades
 14590 | Lair:1   | Noticed a cane toad
 14596 | Lair:1   | Killed a cane toad
 14745 | Lair:1   | Gained mutation: A demonic guardian rushes to your aid.
                  | [demonic ancestry]
 14745 | Lair:1   | Reached XP level 11. HP: 84/84 MP: 14/14
 16189 | Lair:1   | Reached **** piety under Yredelemnul
 17596 | Lair:2   | Noticed a five-headed hydra
 17603 | Lair:2   | Killed a five-headed hydra
 17758 | Lair:2   | Noticed a seven-headed hydra
 17776 | Lair:2   | Killed a seven-headed hydra
 17777 | Lair:2   | Reached skill level 10 in Long Blades
 17879 | Lair:2   | Noticed an oklob plant
 18970 | Lair:3   | Found a staircase to the Shoals.
 19003 | Lair:3   | Reached skill level 11 in Long Blades
 19200 | Lair:3   | Found a hole to the Spider Nest.
 19206 | Lair:3   | Gained mutation: You have hoof-like feet. [demonic
                  | ancestry]
 19206 | Lair:3   | Reached XP level 12. HP: 91/91 MP: 15/15
 20748 | Lair:4   | Reached skill level 12 in Long Blades
 20781 | Lair:4   | Reached skill level 10 in Slings
 20863 | Lair:4   | Found a basalt altar of Yredelemnul.
 21149 | Lair:4   | Noticed a death yak
 21149 | Lair:4   | Noticed a death yak
 21149 | Lair:4   | Noticed a death yak
 21198 | Lair:4   | Killed a death yak
 21205 | Lair:4   | Killed a death yak
 21222 | Lair:4   | Killed a death yak
 21768 | Lair:4   | Reached skill level 1 in Shields
 22282 | Lair:4   | Noticed a death yak
 22284 | Lair:4   | Noticed a death yak
 22285 | Lair:4   | Noticed a death yak
 22303 | Lair:4   | Killed a death yak
 22313 | Lair:4   | Killed a death yak
 22323 | Lair:4   | Killed a death yak
 22850 | Lair:5   | Noticed a catoblepas
 22871 | Lair:5   | Killed a catoblepas
 22872 | Lair:5   | Gained mutation: You punish those that try to bend your
                  | will. (Will+) [demonic ancestry]
 22872 | Lair:5   | Reached XP level 13. HP: 66/99 MP: 16/16
 24367 | Lair:6   | Entered Level 6 of the Lair of Beasts
 24542 | Lair:6   | Found a staircase to the Slime Pits.
 25427 | Lair:6   | Reached skill level 10 in Fighting
 25943 | Lair:6   | Noticed an azure jelly
 25965 | Lair:6   | Killed an azure jelly
 26794 | Lair:6   | Found a runed translucent door.
 26795 | Lair:6   | Noticed ProzacElf's ghost (journeyman DjWz)
 26797 | Lair:6   | Identified the +2 trident of Cowardice {pain, rN++ Will-}
 26841 | Lair:6   | Noticed a rockslime
 26845 | Lair:6   | Paralysed by a great orb of eyes for 5 turns
 26848 | Lair:6   | Noticed a rockslime
 27417 | Lair:6   | Reached skill level 5 in Throwing
 27426 | Lair:6   | Reached ***** piety under Yredelemnul
 27514 | Lair:6   | Noticed a rockslime
 27807 | D:10     | Entered Level 10 of the Dungeon
 28651 | D:10     | Paralysed by a hornet for 1 turns
 28772 | D:10     | Found a staircase to the Orcish Mines.
 30123 | D:11     | Reached XP level 14. HP: 85/110 MP: 17/17
 33400 | D:12     | Noticed Kirke
 33538 | D:12     | Noticed a sphinx
 33548 | D:12     | Killed Kirke
 33734 | Orc:1    | Entered Level 1 of the Orcish Mines
 34513 | Orc:2    | Entered Level 2 of the Orcish Mines
 34962 | Orc:2    | Noticed an orc warlord
 34995 | Orc:2    | Killed an orc warlord
 34996 | Orc:2    | Reached skill level 10 in Throwing
 35096 | Orc:1    | Slain by an orc warrior

Illustrated notes

Levels and vault maps discovered:
D:1:      minmay_arrival_nine_rooms, layout_basic,
          shapermc_ecumenical_altar_flowoftime, eino_curves_01,
          ebering_dispersal_statue_hall
D:2:      layout_rooms
D:3:      minmay_diamond_boxcup, layout_loops_ring
D:4:      layout_basic, mainiacjoe_overflow_boulevard, serial_shops,
          nicolae_shop_hallway_stairs, nicolae_ossuary_entry_ruins,
          chequers_serial_rivers_large_a
D:5:      layout_layer_cave, lemuel_blue_sif_altar, elyvilon_altar_3,
          kennysheep_little_box, corexii_item_surrounded_by_moat
D:6:      layout_basic, zin_scriptorium, temple_green,
          cheibrodos_sewer_entry_drain, kennysheep_diamond
D:7:      layout_loops_corners, nzn_ghost_randoct
D:8:      layout_basic, gammafunk_temple_overflow_pools, erik_lair_dragon,
          interstate_on_off
D:9:      layout_loops_ring, uniq_psyche
D:10:     layout_basic, david_orc_2
D:11:     layout_basic, gauntlet_entry_generic
D:12:     layout_roguey, serial_glass, glass_columns_a, glass_columns_b,
          glass_columns_c, glass_columns_c, uniq_kirke
Lair:1:   layout_layer_cave, roderic_batcave, beast_lair_carwin_2,
          lemuel_fruit_tree, grunt_megastairs_3
Lair:2:   layout_cave_pods
Lair:3:   layout_gridlike, minmay_shoals_entry_beasts,
          hellmonk_spider_entry_not_the_bees
Lair:4:   layout_cave_pods, basic_altar, minivault_19, grunt_megastairs_5
Lair:5:   layout_regular_city, grunt_megastairs_4
Lair:6:   minmay_lair_end_enchanted_forest, layout_gridlike, slime_dummy,
          ebering_ghost_funeral_grove, special_room [special_room_jelly],
          eino_small_chamber_without_monster
Orc:1:    layout_diamond_mine, basic_altar
Orc:2:    st_orc_town, layout_caves

Skill      XL: |  1  2  3  4  5  6  7  8  9 10 11 12 13 14 |
---------------+-------------------------------------------+-----
Polearms       | 3 4 |  4.8
Long Blades    | 3 5 7 8 9 11 12 | 12.6
Armour         | 2 3 4 6 9 |  9.0
Fighting       | 3 4 7 8 10 | 10.0
Evocations     | 3 |  3.5
Invocations    | 4 |  4.0
Slings         | 4 6 9 10 | 10.6
Shields        | 4 |  4.0
Throwing       | 6 10 | 10.2
Dodging        | |  2.6

Action                   |  1- 3 |  4- 6 |  7- 9 | 10-12 | 13-15 || total
-------------------------+-------+-------+-------+-------+-------++-------
Melee: Trident           |   125 |    13 |       |       |       ||   138
       Long sword        |       |    88 |   152 |   283 |   350 ||   873
       Touch             |       |     7 |    23 |    10 |       ||    40
       Punch             |       |       |     2 |       |       ||     2
       Hunting sling     |       |       |       |       |     1 ||     1
 Fire: Hunting sling     |       |       |    88 |   176 |   316 ||   580
Throw: Javelin           |       |       |    11 |       |       ||    11
Evoke: Wand              |       |       |     6 |    31 |    42 ||    79
       Tin of tremorston |       |       |       |     2 |     3 ||     5
       Lightning rod     |       |       |       |     4 |     4 ||     8
       Phantom mirror    |       |       |       |       |     3 ||     3
       Box of beasts     |       |       |       |       |     1 ||     1
  Use: Scroll            |       |    10 |    12 |     9 |     9 ||    40
       Potion            |       |     2 |     3 |       |     8 ||    13
 Stab: Sleeping          |     1 |       |       |       |       ||     1
       Distracted        |     2 |       |       |     5 |     4 ||    11
       Confused          |       |       |       |     1 |       ||     1
Armor: Leather armour    |     2 |       |       |       |       ||     2
       Chain mail        |    85 |    81 |    83 |   134 |    38 ||   421
       Plate armour      |       |       |       |       |   113 ||   113
Dodge: Dodged            |    61 |    65 |    68 |   103 |   106 ||   403
Block: Other             |       |       |    45 |    13 |       ||    58
       Reflection        |       |       |     1 |     1 |    12 ||    14
       Buckler           |       |       |       |   160 |   261 ||   421
